 Dungeon Crawl Stone Soup version 0.27.1-35-g4d5d836560 (webtiles) character file.

Game seed: 13062635500296744893

2 Delamore the Vexing (level 1, -1/7 HPs)
             Began as a Felid Enchanter on Mar 1, 2022.
             Slain by a goblin (3 damage)
             ... on level 1 of the Dungeon.
             The game lasted 00:01:02 (184 turns).

Delamore the Vexing (Felid Enchanter)                Turns: 184, Time: 00:01:03

Health: -1/7       AC:  1    Str:  4    XL:     1   Next: 25%
Magic:  4/4        EV: 17    Int: 16    God:
Gold:   23         SH:  0    Dex: 16    Spells: 3/4 levels left
                                        Lives:  0   Deaths: 0

rFire    . . .     SeeInvis +     - Unarmed
rCold    . . .     Faith    .   (shield unavailable)
rNeg     . . .     Spirit   .   (armour unavailable)
rPois    .         Reflect  .   (helmet unavailable)
rElec    .         Harm     .   (cloak unavailable)
rCorr    .         Rampage  .   (gloves unavailable)
Will     .....                  (boots unavailable)
Stlth    +++.......             (no amulet)
HPRegen  0.02/turn              (no ring)
MPRegen  0.09/turn              (no ring)

@: quick
A: very small, claws 1, fangs 3, see invisible, speed 1, shaggy fur 1, stealthy
paws, no weapons or thrown items, no armour, multi-lived
a: no special abilities


You were on level 1 of the Dungeon.
You visited 1 branch of the dungeon, and saw 1 of its levels.

You collected 23 gold pieces.

You aren't carrying anything.


   Skills:
 + Level 2.7 Dodging
 * Level 4.1 Stealth
 + Level 1.0 Unarmed Combat
 - Level 2.0 Spellcasting
 - Level 4.4 Hexes


You had 3 spell levels left.
You knew the following spells:

 Your Spells              Type           Power      Damage    Failure   Level
a - Corona                Hex            16%        N/A       3%          1

Your spell library contained the following spells:

 Spells                   Type           Power      Damage    Failure   Level
 Confusing Touch          Hex            15%        N/A       11%         3
 Tukima's Dance           Hex            15%        N/A       11%         3
 Ensorcelled Hibernation  Hex/Ice        16%        N/A       13%         2
 Dazzling Flash           Conj/Hex       16%        N/A       26%         3


Dungeon Overview and Level Annotations

Branches:
Dungeon (1/15)

Altars:


Innate Abilities, Weirdness & Mutations

You have sharp claws.
You have razor-sharp teeth.
You have supernaturally acute eyesight. (SInv)
You cover ground quickly. (Speed+)
You are covered in fur. (AC +1)
Your paws help you pounce on unaware monsters.
You are incapable of wielding weapons or throwing items.
You cannot wear armour.
You gain extra lives every three experience levels.


Message History

The bat misses you.
You scratch the bat but do no damage. The bat hits you.
The bat closely misses you. The bat hits you.
You closely miss the bat. The bat hits you but does no damage.
The bat misses you.
You miss the bat. The bat closely misses you.
You scratch the bat but do no damage. The bat hits you but does no damage.
You miss the bat. The bat closely misses you. The bat closely misses you.
You scratch the bat.
The bat is heavily wounded.
The bat closely misses you. The bat hits you but does no damage.
You scratch the bat.
You kill the bat!
No target in view!
HP restored.
A ball python comes into view.
You see here 9 gold pieces.
A ball python is nearby!
A ball python is nearby!
The ball python hisses angrily.
Found 5 gold pieces.
The ball python closely misses you. The ball python completely misses you.
You scratch the ball python.
You kill the ball python!
No target in view!
You now have 23 gold pieces (gained 9).
You see here a ball python corpse.
A goblin comes into view. It is wielding a +0 club.
A goblin is nearby!
A goblin is nearby!
Found a book of Changes.
The goblin shouts!
You see here 5 gold pieces.
The goblin hits you but does no damage.
You barely miss the goblin. The goblin hits you with a +0 club.
Ouch! That really hurt!
* * * LOW HITPOINT WARNING * * *
You closely miss the goblin. The goblin hits you with a +0 club.
You die...

### ### #.. ..# #.# #.#
#.# #.# ####.### #.#
.......# #.#
.......#########.#######
>........†.....$@g......
.......#####.##.........
.......# #.##..#####..
.......... ......#
.......#####.##..#
.......# #.##.:#
.......# #.##..#
##.##### #.##..# #.#


You could see a goblin.

Vanquished Creatures
  A bat (D:1)
  A ball python (D:1)
2 creatures vanquished.

Notes
Turn   | Place    | Note
-------+----------+-------------------------------------------
     0 | D:1      | Delamore the Felid Enchanter began the quest for the Orb.
     0 | D:1      | Reached XP level 1. HP: 7/7 MP: 4/4
   184 | D:1      | Slain by a goblin

Illustrated notes

Levels and vault maps discovered:
D:1:      saegor_arrival_simple_b, layout_loops_ring, minmay_tiny_reverse_x

Action                   || total
-------------------------++-------
Melee: Unarmed           ||    12
Armor: Skin              ||     6
Dodge: Dodged            ||    13
